 Dungeon Crawl Stone Soup version 0.30.0-11-gf55b779eaf (webtiles) character file.

Game seed: 8069810554163727093

128 Chodeload the Trooper (level 5, -1/57 HPs)
             Began as an Ogre Wanderer on May 17, 2023.
             Slain by a hobgoblin (4 damage)
             ... on level 4 of the Dungeon.
             The game lasted 00:07:47 (2398 turns).

Chodeload the Trooper (Ogre Wanderer)               Turns: 2398, Time: 00:07:48

Health: -1/57      AC:  3    Str: 15    XL:     5   Next: 11%
Magic:  8/8        EV: 10    Int: 15    God:
Gold:   52         SH:  0    Dex:  9    Spells: 7/8 levels left

rFire   . . .        a - +2 spear
rCold   . . .        (no shield)
rNeg    . . .        l - +0 robe
rPois   .            (helmet restricted)
rElec   .            (no cloak)
rCorr   .            (gloves unavailable)
SInv    .            (boots unavailable)
Will    .....        (no amulet)
Stlth   +            (no ring)
HPRegen 0.29/turn    (no ring)
MPRegen 0.11/turn

%: no passive effects
@: no status effects
A: large, unfitting armour, tough skin 1
a: no special abilities


You were on level 4 of the Dungeon.
You visited 1 branch of the dungeon, and saw 4 of its levels.

You collected 85 gold pieces.
You spent 33 gold pieces at shops.

Inventory:

Hand Weapons
 a - a +2 spear (weapon)
 b - a +2 dagger of venom
Missiles
 i - 2 boomerangs of dispersal (quivered)
 q - 2 boomerangs
Armour
 l - a +0 robe (worn)
Scrolls
 c - a scroll of fog
 e - 2 scrolls of blinking {unknown}
 g - 2 scrolls of identify {unknown}
 j - 2 scrolls of teleportation
 m - a scroll of torment {unknown}
 n - a scroll of vulnerability {unknown}
 r - a scroll of enchant weapon {unknown}
 s - a scroll of poison {unknown}
 t - a scroll of amnesia {unknown}
Potions
 d - a potion of invisibility {unknown}
 f - a potion of lignification {unknown}
 h - 3 potions of attraction {unknown}
 o - a potion of heal wounds
 p - 5 potions of curing {unknown}


   Skills:
 - Level 5.0 Fighting
 - Level 4.0 Polearms
 + Level 2.3 Throwing
 - Level 2.1 Dodging
 - Level 2.4 Spellcasting
 - Level 1.0 Evocations


You had 7 spell levels left.
You knew the following spells:

 Your Spells              Type           Power      Damage    Failure   Level
a - Freeze                Ice            4%         1d3       22%         1

Your spell library contained the following spells:

 Spells                   Type           Power      Damage    Failure   Level
 Hailstorm                Conj/Ice       1%         3d3       54%         3
 Inner Flame              Hex/Fire       1%         N/A       54%         3
 Flame Wave               Conj/Fire      1%         2d4       91%         4
 Sticky Flame             Conj/Fire      1%         2d3       91%         4


Dungeon Overview and Level Annotations

Branches:
Dungeon (4/15)
 Temple: D:4-7

Altars:

Shops:
D:2 ?=((


Innate Abilities, Weirdness & Mutations

You are too large for most types of armour.
You have tough skin. (AC +1)


Message History

The hobgoblin closely misses you. The iguana closely misses you.
You closely miss the orc priest.
The orc priest is severely wounded.
The hobgoblin hits you but does no damage.
The orc priest barely misses you. The iguana misses you.
You barely miss the orc priest. You punch the orc priest.
The orc priest is severely wounded.
You hit the orc priest.
You kill the orc priest!
The hobgoblin closely misses you. The iguana bites you!
Training target 5.0 for Fighting reached!
Your Fighting skill increases to level 5!
Your Throwing skill increases to level 2!
You have reached level 5!
You hit the iguana but do no damage.
The iguana is moderately wounded.
The hobgoblin barely misses you. The iguana completely misses you.
You hit the iguana but do no damage.
The iguana is moderately wounded.
The iguana closely misses you. The hobgoblin barely misses you.
You barely miss the iguana.
The iguana is moderately wounded.
The hobgoblin hits you. The iguana bites you!
* * * LOW HITPOINT WARNING * * *
You hit the iguana.
The iguana is heavily wounded.
The hobgoblin barely misses you. The iguana bites you!
* * * LOW HITPOINT WARNING * * *
You barely miss the iguana.
The iguana is heavily wounded.
The hobgoblin hits you but does no damage.
The iguana bites you.
* * * LOW HITPOINT WARNING * * *
Throw: 3 boomerangs (disperse)
Press: ? - help, Q - select action, (/) - cycle Shift-Dir - straight line, f/p - iguana
Aim: an iguana (heavily wounded, 61% to hit)
You throw a boomerang of dispersal.
The boomerang of dispersal barely misses the iguana.
The hobgoblin hits you.
You die...

.# . ##. . #..
.### #.# ...#
##.##
#..####.gl###.##
....$...@).....(
#..####?).###.#.
#..# ##.## #<.#
#.# #..# #.# ...#
#.# ##.## #.#
####.######)#
............#####


You could see an iguana and a hobgoblin.

Vanquished Creatures
  2 orc priests (D:4)
  An adder (D:2)
  A dart slug (D:1)
  2 orcs
  5 endoplasms
  5 giant cockroaches
  4 goblins
  4 hobgoblins
  4 jackals (D:1)
  3 quokkas
  5 ball pythons
  6 bats
  2 frilled lizards
  3 kobolds (D:2)
  5 rats
52 creatures vanquished.

Notes
Turn   | Place    | Note
-------+----------+-------------------------------------------
     0 | D:1      | Chodeload the Ogre Wanderer began the quest for the Orb.
     0 | D:1      | Chodeload set off with the following items: a +2 spear, a
                  | +0 robe, a scroll of fog; and the following spell
                  | memorised: Freeze; and the following spells available to
                  | memorise: Hailstorm.
     0 | D:1      | Reached XP level 1. HP: 16/16 MP: 3/3
    53 | D:1      | Reached skill level 1 in Fighting
   151 | D:1      | Reached skill level 2 in Fighting
   153 | D:1      | Reached XP level 2. HP: 28/28 MP: 5/5
   357 | D:1      | Reached skill level 3 in Fighting
   477 | D:1      | Reached XP level 3. HP: 37/37 MP: 6/6
   635 | D:2      | Found Xarhof's Magic Scroll Shop.
   640 | D:2      | Bought a scroll of teleportation for 33 gold pieces
   688 | D:2      | Reached skill level 4 in Fighting
   698 | D:2      | Found Apniul's Weapon Boutique.
   706 | D:2      | Found Ytinil's Antique Weapon Shop.
   801 | D:2      | Found Plog's Jewellery Shop.
  1180 | D:2      | Reached XP level 4. HP: 49/49 MP: 7/7
  1538 | D:3      | Reached skill level 1 in Throwing
  2393 | D:4      | Reached skill level 5 in Fighting
  2393 | D:4      | Reached XP level 5. HP: 25/57 MP: 8/8
  2398 | D:4      | Slain by a hobgoblin

Illustrated notes

Levels and vault maps discovered:
D:1:      eino_arrival_cavern_b, layout_loops_cross
D:2:      layout_loops_ring, serial_shops, shop, nicolae_diamond_shop, shop,
          nicolae_shop_window_shopping, minmay_close_crescents
D:3:      layout_basic, serial_corexii_hall, chequers_hall_statues_y,
          corexii_hall_statues_i
D:4:      layout_loops_ring, minitemple, minmay_fire_ice_demons

Skill      XL: |  1  2  3  4 |
---------------+-------------+-----
Fighting       | 2 3 4 5 |  5.0
Throwing       | 2 |  2.3
Polearms       | |  4.0
Dodging        | |  2.1
Spellcasting   | |  2.4
Evocations     | |  1.0

Action                     |  1- 3 |  4- 6 || total
---------------------------+-------+-------++-------
  Melee: Spear             |   121 |    47 ||   168
         Punch             |       |     2 ||     2
  Throw: Javelin           |       |     5 ||     5
         Boomerang         |       |     1 ||     1
   Stab: Sleeping          |     1 |     1 ||     2
 Armour: Robe              |    42 |     8 ||    50
  Dodge: Dodged            |    45 |    32 ||    77
